 Dungeon Crawl Stone Soup version 0.22.0-25-g7663229ff0 (webtiles) character file.

417 SaintSock the Covered (level 6, -7/58 HPs)
             Began as a Gargoyle Fighter on Aug 21, 2018.
             Blown up by Ijyb (19 damage)
             ... with a wand of disintegration (11)
             ... on level 5 of the Dungeon.
             The game lasted 00:14:30 (3683 turns).

SaintSock the Covered (Gargoyle Fighter)            Turns: 3683, Time: 00:14:30

Health: -7/58      AC: 29    Str: 22      XL:     6   Next: 93%
Magic:  6/6        EV:  2    Int: 10      God:
Gold:   178        SH: 10    Dex: 12 (13) Spells: 5/5 levels left

rFire    . . .     SeeInvis .   r - +2 hand axe (venom)
rCold    . . .     Gourm    .   c - +0 shield
rNeg     + + +     Faith    .   (armour currently unavailable)
rPois    ∞         Spirit   .   (helmet currently unavailable)
rElec    .         Reflect  .   (cloak currently unavailable)
rCorr    .         Harm     .   (gloves currently unavailable)
MR       .....     NoTele   +   (boots currently unavailable)
Stlth    ++........             v - amulet of magic regeneration
HPRegen  0.19/turn              s - +6 ring of protection
MPRegen  0.35/turn              (no ring)

@: tree-form
A: thin skeletal structure 1, agile 1, clever 1, negative energy resistance 1,
petrification resistance, rot immunity, AC +4
a: no special abilities


You were on level 5 of the Dungeon.
You were not hungry.
You were a tree.
You visited 1 branch of the dungeon, and saw 5 of its levels.

You collected 178 gold pieces.

Inventory:

Hand Weapons
 a - a +0 flail
 e - a +0 spear
 n - a +0 war axe
 p - a cursed -1 dagger
 r - a +2 hand axe of venom (weapon)
Armour
 b - a +0 scale mail (melded)
 c - a +0 shield (worn)
 i - a +2 helmet (melded)
 o - a +2 helmet
Jewellery
 s - a +6 ring of protection (left branch)
 v - an amulet of magic regeneration (around neck)
 w - an uncursed ring of ice {unknown}
Scrolls
 g - a scroll of noise {unknown}
 h - 6 scrolls of identify {unknown}
 l - a scroll of enchant armour {unknown}
 m - a scroll of amnesia {unknown}
 q - 2 scrolls of teleportation {unknown}
 u - a scroll of fear {unknown}
Potions
 j - a potion of lignification
 t - a potion of cancellation {unknown}
Comestibles
 f - 7 rations


   Skills:
 + Level 4.7 Fighting
 - Level 2.4 Maces & Flails
 * Level 3.3 Polearms
 + Level 4.9 Armour
 + Level 4.6 Shields


You had 5 spell levels left.
You didn't know any spells.
Your spell library was empty.

Dungeon Overview and Level Annotations

Branches:
Dungeon (5/15)
 Temple: D:4-7

Altars:
Fedhas
Wu Jian
Xom
The Shining One

Annotations:
D:5 Blork the orc, Ijyb


Innate Abilities, Weirdness & Mutations

You are resistant to torment.
((Your stone body is resilient. (AC +4)))
You are immune to poison.
You resist negative energy. (rN+)
((You are resistant to electric shocks. (rElec)))
((You can survive without breathing.))
You are immune to petrification.
You are immune to rotting.
((You have large cloven feet.))
You have a somewhat thin skeletal structure. (Dex +2, Stealth)
You are agile. (Dex +2)
Your mind is acute. (Int +2)


Message History

Ijyb zaps a wand.
You barely resist. You closely miss Ijyb.
Ijyb is moderately wounded.
Ijyb zaps a wand.
You are blasted!
Ouch! That really hurt!
* * * LOW HITPOINT WARNING * * *
You block Ijyb's attack.
You hit Ijyb but do no damage.
Ijyb looks even sicker.
Ijyb is moderately wounded.
Ijyb hits you but does no damage.
It was a potion of lignification.
You turn into a tree.
Your +2 helmet melds into your body.
Your +0 scale mail melds into your body.
Your roots penetrate the ground.
Ijyb hits you but does no damage.
It was a potion of mutation.
You feel extremely strange.
Your bones become slightly less dense.
Your feet thicken and deform.
You feel agile.
You feel clever. You block Ijyb's attack.
It was a potion of curing.
You feel better.
Ijyb zaps a wand.
You are blasted!
You die...

######.#.#.###.#
#..............#
#.####.#.#.#####
#.# #..........
#.# ###########
#.# #.#######.#
#.######..........
#..!..♣go........#
##################


You could see Blork the orc and Ijyb.

Vanquished Creatures
  Eustachio (D:5)
  3 orc wizards
  4 gnolls
  6 adders
  A shadow imp (D:5)
  An adder skeleton (D:4)
  3 worms
  3 leopard geckos
  11 orcs
  6 bats
  4 giant cockroaches
  11 goblins
  5 hobgoblins
  2 jackals (D:1)
  4 kobolds
  A quokka (D:2)
  2 ball pythons
  5 frilled lizards
  3 rats (D:3)
76 creatures vanquished.

Vanquished Creatures (others)
  An ogre (D:4)
  A hound (D:4)
  An iguana (D:4)
  A worker ant (D:4)
  An adder (D:4)
  A leopard gecko (D:4)
  An orc (D:4)
  A giant cockroach (D:4)
  A quokka skeleton (D:4)
9 creatures vanquished.

Grand Total: 85 creatures vanquished

Notes
Turn   | Place    | Note
-------+----------+-------------------------------------------
     0 | D:1      | SaintSock the Gargoyle Fighter began the quest for the Orb.
     0 | D:1      | Reached XP level 1. HP: 14/14 MP: 1/1
   206 | D:1      | Reached XP level 2. HP: 10/19 MP: 2/2
   679 | D:1      | Reached XP level 3. HP: 23/23 MP: 3/3
  1326 | D:2      | Reached skill level 1 in Polearms
  1383 | D:2      | Reached XP level 4. HP: 18/29 MP: 4/4
  1781 | D:2      | Found an ornate altar of the Wu Jian Council.
  2232 | D:3      | Reached XP level 5. HP: 24/33 MP: 5/5
  2624 | D:4      | Killed an ogre
  3008 | D:4      | Reached XP level 6. HP: 38/38 MP: 6/6
  3009 | D:4      | Found a glowing golden altar of the Shining One.
  3089 | D:4      | Found a shimmering altar of Xom.
  3413 | D:5      | Entered Level 5 of the Dungeon
  3413 | D:5      | Noticed Eustachio
  3425 | D:5      | Killed Eustachio
  3571 | D:5      | Found a blossoming altar of Fedhas.
  3662 | D:5      | Noticed Ijyb
  3668 | D:5      | Noticed Blork the orc
  3682 | D:5      | Gained mutation: You have a somewhat thin skeletal structure. (Dex +2, Stealth) [potion of mutation]
  3682 | D:5      | Gained mutation: You have large cloven feet. [potion of mutation]
  3682 | D:5      | Gained mutation: You are agile. (Dex +2) [potion of mutation]
  3682 | D:5      | Gained mutation: Your mind is acute. (Int +2) [potion of mutation]
  3683 | D:5      | Blown up by Ijyb

Skill      XL: |  1  2  3  4  5  6 |
---------------+-------------------+-----
Polearms       | 1 2 3 |  3.3
Armour         | 4 |  4.9
Fighting       | 4 |  4.7
Shields        | 4 |  4.6
Maces & Flails | |  2.4

Action                   |  1- 3 |  4- 6 || total
-------------------------+-------+-------++-------
Melee: Flail             |    30 |       ||    30
       Spear             |   104 |   115 ||   219
       Hand axe          |       |   113 ||   113
       War axe           |       |    13 ||    13
  Use: Potion            |       |     4 ||     4
  Eat: Chunk             |     2 |     5 ||     7
       Ration            |       |     1 ||     1
Armor: Scale mail        |    47 |   152 ||   199
       Skin              |       |     1 ||     1
Dodge: Dodged            |    36 |    72 ||   108
Block: Shield            |    61 |   111 ||   172
